 Dungeon Crawl Stone Soup version 0.23.0-3-gf3c87f2 (webtiles) character file.

Game seed: 10875682554684056674

20748 Lanoc the Carver (level 12, -6/111 HPs)
             Began as a Green Draconian Berserker on Feb 21, 2019.
             Was a High Priest of Trog.
             Mangled by a sun demon (22 damage)
             ... summoned by an orc high priest
             ... on level 2 of the Orcish Mines.
             The game lasted 00:38:09 (15193 turns).

Lanoc the Carver (Green Draconian Berserker)       Turns: 15193, Time: 00:38:11

Health: -6/111     AC:  9    Str: 22    XL:     12   Next: 48%
Magic:  12/12      EV: 18    Int:  8    God:    Trog [*****.]
Gold:   1252       SH:  5    Dex: 13    Spells: 11/11 levels left

rFire    . . .     SeeInvis .   w - +1 scimitar (slice)
rCold    + . .     Gourm    .   y - +0 buckler
rNeg     . . .     Faith    .   (armour unavailable)
rPois    +         Spirit   .   (helmet restricted)
rElec    .         Reflect  .   m - +0 cloak
rCorr    .         Harm     .   (no gloves)
MR       .....                  (no boots)
Stlth    +.........             q - amulet of the acrobat
HPRegen  0.28/turn              x - ring of protection from cold
MPRegen  0.13/turn              (no ring)

@: short of breath, berserk cooldown, slowed, very slow
A: breathe noxious fumes, unfitting armour, poison resistance, cold-blooded, AC
+8
a: Breathe Noxious Fumes, Berserk, Trog's Hand, Brothers in Arms, Renounce
Religion


You were on level 2 of the Orcish Mines.
You worshipped Trog.
Trog was extremely pleased with you.
You were very hungry.

You visited 3 branches of the dungeon, and saw 14 of its levels.

You collected 1350 gold pieces.
You spent 98 gold pieces at shops.

Inventory:

Hand Weapons
 w - a +1 scimitar of slicing (weapon)
Missiles
 s - 5 silver tomahawks (quivered)
 J - 7 javelins of penetration
Armour
 m - a +0 cloak (worn)
 y - a +0 buckler (worn)
Jewellery
 q - an amulet of the acrobat (around neck)
 x - a ring of protection from cold (left hand)
Wands
 B - a wand of polymorph (4)
 C - a wand of flame (17)
 H - a wand of paralysis (9)
 I - a wand of acid (10)
Scrolls
 a - a scroll of noise {unknown}
 d - 2 scrolls of fear {unknown}
 e - a scroll of teleportation
 f - 2 scrolls of amnesia {unknown}
 g - a scroll of random uselessness {unknown}
 i - 2 scrolls of magic mapping {unknown}
 j - 4 scrolls of enchant weapon {unknown}
 r - 2 scrolls of immolation {unknown}
 t - a scroll of fog {unknown}
 v - 6 scrolls of remove curse
 A - 2 scrolls of acquirement {unknown}
 F - a scroll of enchant armour {unknown}
Potions
 c - 2 potions of lignification
 k - a potion of agility
 l - 3 potions of cancellation
 n - a potion of resistance
 o - 2 potions of flight
 u - 2 potions of mutation
 z - 2 potions of ambrosia
 D - a potion of haste {unknown}
 E - 2 potions of invisibility {unknown}
 G - a potion of might {unknown}
Comestibles
 b - 17 rations


   Skills:
 + Level 11.6 Fighting
 * Level 14.3 Long Blades
 + Level 9.9 Dodging
 - Level 4.0 Shields


You had 11 spell levels left.
You didn't know any spells.
Your spell library was empty.

Dungeon Overview and Level Annotations

Branches:
Dungeon (11/15)            Temple (1/1) D:4            Lair (0/6) D:9
    Orc (2/2) D:10            Elf (0/3) Orc:2

Altars:
Hepliaklqana
Nemelex Xobeh
Sif Muna
Trog
Uskayaw
Vehumet
Yredelemnul
Zin
The Shining One

Shops:
D:4 [   D:10 *   Orc:2 }


Innate Abilities, Weirdness & Mutations

You can breathe blasts of noxious fumes.
Your lurid green scales are hard. (AC +8)
You cannot fit into any form of body armour.
Your system is resistant to poisons. (rPois)
You are cold-blooded and may be slowed by cold attacks.


Message History

You block the red devil's attack.
You closely miss the sun demon.
The sun demon is lightly wounded.
The sun demon hits you.
You are engulfed in flames!
You closely miss the sun demon.
The sun demon is lightly wounded.
You closely miss the sun demon.
Your tail-slap misses the sun demon.
The sun demon is lightly wounded.
The sun demon hits you!!
You are engulfed in flames!
The red devil hits you from afar with a +0 trident!
* * * LOW HITPOINT WARNING * * *
You are no longer berserk.
You are exhausted.
You feel yourself slow down. The sun demon closely misses you.
You closely miss the sun demon.
Your tail-slap misses the sun demon.
The sun demon is lightly wounded.
The red devil hits you with a +0 trident!
* * * LOW HITPOINT WARNING * * *
The sun demon hits you!!
You die...

##.##...#....................# #
#.......#.............#....... #
##.......#.................... #
###........................#. #
##..............<..)....... ###
##....................).... ..##
##..........................
...###..........3................
..###.)........4@................
..####...........>.#..........#..
...###.#....................###..
..#.#..................)....####.
.............................##..
#.............................#..
#............#....#..............
##.......#...#....##.......).....
##......#...##..###........)#...


You could see a sun demon and a red devil.

Vanquished Creatures
  2 orc warlords
  3 two-headed ogres
  Urug (Orc:2)
  2 wizards (D:11)
  An orc knight (Orc:1)
  An ugly thing (D:11)
  4 orc sorcerers
  A manticore (D:11)
  A kobold demonologist (D:10)
  3 trolls (Orc:2)
  A hippogriff (D:9)
  6 yaks (D:11)
  A wyvern (D:8)
  5 wargs (Orc:2)
  A basilisk (D:10)
  A phantom (D:4)
  26 orc warriors
  An ice beast (D:5)
  A necrophage (D:7)
  4 sky beasts
  2 black bears
  An eye of draining (D:11)
  10 ogres
  7 centaurs
  2 crocodiles (D:10)
  2 big kobolds
  Blork the orc (D:4)
  8 bullfrogs
  2 scorpions
  13 killer bees
  7 wights
  2 howler monkeys (D:4)
  7 crimson imps
  A centaur zombie (D:9)
  3 hounds
  2 quasits
  3 centaur skeletons
  2 jellies
  20 orc priests
  33 orc wizards
  Crazy Yiuf (D:4)
  6 iguanas
  8 worker ants
  A howler monkey skeleton (D:9)
  19 adders
  A shadow imp (D:10)
  An adder skeleton (D:9)
  An adder zombie (D:5)
  2 worms
  2 dart slugs
  7 leopard geckos
  102 orcs
  A giant cockroach (D:4)
  6 goblins
  10 hobgoblins
  4 jackals
  5 quokkas
  7 bats
  6 frilled lizards
  12 kobolds
  A leopard gecko skeleton (D:4)
  2 rats
  A spectral orc (D:6)
400 creatures vanquished.

Vanquished Creatures (others)
  An orc wizard (Orc:2)
  An orc (Orc:2)
  2 plants (D:10)
4 creatures vanquished.

Grand Total: 404 creatures vanquished

Notes
Turn   | Place    | Note
-------+----------+-------------------------------------------
     0 | D:1      | Lanoc the Draconian Berserker began the quest for the Orb.
     0 | D:1      | Reached XP level 1. HP: 19/19 MP: 1/1
   150 | D:1      | Reached XP level 2. HP: 24/26 MP: 2/2
   325 | D:2      | Found a hazy altar of Hepliaklqana.
   326 | D:2      | Found a deep blue altar of Sif Muna.
   326 | D:2      | Found a glowing golden altar of the Shining One.
   364 | D:2      | Reached XP level 3. HP: 33/33 MP: 3/3
   953 | D:2      | Reached skill level 4 in Long Blades
  1104 | D:3      | Reached XP level 4. HP: 36/40 MP: 4/4
  1212 | D:3      | Reached ** piety under Trog
  1496 | D:3      | Found a sparkling altar of Nemelex Xobeh.
  1533 | D:3      | Reached XP level 5. HP: 46/46 MP: 5/5
  1936 | D:4      | Reached skill level 5 in Long Blades
  2091 | D:4      | Found a staircase to the Ecumenical Temple.
  2100 | Temple   | Entered the Ecumenical Temple
  2133 | D:4      | Noticed Blork the orc
  2141 | D:4      | Found Qekusurch's Armour Emporium.
  2150 | D:4      | Killed Blork the orc
  2150 | D:4      | Reached XP level 6. HP: 22/53 MP: 6/6
  2514 | D:4      | Reached skill level 5 in Fighting
  2528 | D:4      | Reached *** piety under Trog
  2528 | D:4      | Reached skill level 6 in Long Blades
  2528 | D:4      | Your scales start taking on a lurid green colour.
  2528 | D:4      | Reached XP level 7. HP: 29/61 MP: 7/7
  2528 | D:4      | Gained mutation: Your system is resistant to poisons.
                  | (rPois) [Green Draconian growth]
  3275 | D:4      | Found a runed translucent door.
  3275 | D:4      | Noticed Crazy Yiuf
  3282 | D:4      | Killed Crazy Yiuf
  3553 | D:5      | Entered Level 5 of the Dungeon
  4012 | D:5      | Found a bloodstained altar of Trog.
  4514 | D:6      | Reached skill level 7 in Long Blades
  4611 | D:6      | Reached skill level 5 in Dodging
  4611 | D:6      | Reached XP level 8. HP: 65/70 MP: 8/8
  5167 | D:6      | Found a basalt altar of Yredelemnul.
  5352 | D:6      | Reached skill level 8 in Long Blades
  5473 | D:6      | Found a radiant altar of Vehumet.
  5642 | D:7      | Reached XP level 9. HP: 40/79 MP: 9/9
  5695 | D:7      | Reached skill level 9 in Long Blades
  5969 | D:7      | Reached **** piety under Trog
  6353 | D:8      | Reached skill level 1 in Shields
  6723 | D:8      | Reached skill level 10 in Long Blades
  6833 | D:8      | Noticed a two-headed ogre
  6844 | D:8      | Killed a two-headed ogre
  6844 | D:8      | Reached XP level 10. HP: 41/90 MP: 10/10
  7900 | D:9      | Found a hide-covered altar of Uskayaw.
  7906 | D:9      | Found a glowing silver altar of Zin.
  7988 | D:9      | Found a staircase to the Lair.
  8183 | D:9      | Noticed a two-headed ogre
  8187 | D:9      | Killed a two-headed ogre
  8187 | D:9      | Reached skill level 11 in Long Blades
  8387 | D:10     | Entered Level 10 of the Dungeon
  8758 | D:10     | Found Hemet's Assorted Antiques.
  8776 | D:10     | Bought a blue potion for 30 gold pieces
  8776 | D:10     | Bought a scroll labeled MEMPOV MINUEDGH for 34 gold pieces
  8776 | D:10     | Bought a scroll labeled MEMPOV MINUEDGH for 34 gold pieces
  8807 | D:10     | Reached ***** piety under Trog
  8810 | D:10     | Found a staircase to the Orcish Mines.
  9475 | D:10     | Noticed an orange demon
 10010 | D:10     | Reached XP level 11. HP: 96/99 MP: 11/11
 10051 | D:11     | Noticed a wizard
 10051 | D:11     | Noticed a wizard
 10055 | D:11     | Noticed a wizard
 10066 | D:11     | Noticed a wizard
 10070 | D:11     | Killed a wizard
 10086 | D:11     | Killed a wizard
 10086 | D:11     | Reached skill level 12 in Long Blades
 10215 | D:11     | Noticed a two-headed ogre
 10221 | D:11     | Killed a two-headed ogre
 10221 | D:11     | Reached skill level 10 in Fighting
 10409 | D:11     | Noticed a white ugly thing
 10434 | D:11     | HP: 1/150 [white ugly thing (16)]
 10437 | D:11     | Killed a white ugly thing
 10440 | D:11     | Received a gift from Trog
 11490 | Orc:1    | Entered Level 1 of the Orcish Mines
 11976 | Orc:2    | Entered Level 2 of the Orcish Mines
 12153 | Orc:2    | Noticed an orc warlord
 12168 | Orc:2    | Killed an orc warlord
 12168 | Orc:2    | Reached skill level 13 in Long Blades
 12178 | Orc:2    | Noticed an orc knight
 12220 | Orc:1    | Killed an orc knight
 12553 | Orc:2    | Found Teituwaj's Gadget Emporium.
 12585 | Orc:2    | Found a staircase to the Elven Halls.
 12790 | Orc:2    | Reached XP level 12. HP: 110/110 MP: 12/12
 12842 | Orc:2    | Noticed Urug
 12850 | Orc:2    | Killed Urug
 13067 | Orc:2    | Received a gift from Trog
 13074 | Orc:2    | Noticed an orc high priest
 13078 | Orc:2    | Paralysed by an orc sorcerer for 3 turns
 13087 | Orc:2    | Noticed an orc warlord
 13952 | Orc:1    | Killed an orc warlord
 13952 | Orc:1    | Reached skill level 14 in Long Blades
 14403 | Orc:2    | Paralysed by an orc sorcerer for 3 turns
 15193 | Orc:2    | Mangled by a sun demon

Skill      XL: |  1  2  3  4  5  6  7  8  9 10 11 12 |
---------------+-------------------------------------+-----
Dodging        | 3 4 5 6 7 8 9 |  9.9
Long Blades    | 4 5 6 7 8 10 11 13 14 | 14.3
Fighting       | 4 5 6 7 8 9 11 | 11.6
Shields        | 2 4 |  4.0

Action                   |  1- 3 |  4- 6 |  7- 9 | 10-12 || total
-------------------------+-------+-------+-------+-------++-------
Melee: Falchion          |    67 |   156 |    69 |       ||   292
       Tailslap          |    10 |    20 |    58 |   139 ||   227
       Long sword        |       |       |   252 |   383 ||   635
       Scimitar          |       |       |       |   356 ||   356
Invok: Berserk           |       |     4 |    11 |    23 ||    38
       Trog's Hand       |       |       |       |     3 ||     3
       Brothers in Arms  |       |       |       |     1 ||     1
 Abil: Breathe Noxious F |       |       |     7 |    24 ||    31
  Use: Scroll            |       |       |     3 |    10 ||    13
       Potion            |       |       |       |     2 ||     2
 Stab: Distracted        |       |       |     1 |     1 ||     2
       Confused          |       |       |     6 |     9 ||    15
       Sleeping          |       |       |     1 |       ||     1
  Eat: Chunk             |       |     8 |    17 |    32 ||    57
       Ration            |       |       |     3 |     6 ||     9
Armor: Skin              |    17 |    60 |    81 |   157 ||   315
Dodge: Dodged            |    46 |   114 |   190 |   497 ||   847
Block: Buckler           |       |       |     6 |   136 ||   142
       Rpst.: Falchion   |    17 |    35 |    14 |       ||    66
       Long sword        |       |       |    48 |    69 ||   117
       Scimitar          |       |       |       |    59 ||    59
